 Dungeon Crawl Stone Soup version 0.28-a0-622-gbaef9634d7 (webtiles) character file.

Game seed: 7698543384968096427

220 siradein the Insei (level 5, 0/44 HPs)
             Began as a Draconian Transmuter on Oct 7, 2021.
             Was an Initiate of Hepliaklqana.
             Slain by a scorpion (8 damage)
             ... on level 4 of the Dungeon.
             The game lasted 00:08:16 (5137 turns).

siradein the Insei (Draconian Transmuter)           Turns: 5137, Time: 00:08:17

Health: 0/44       AC:  5    Str: 12    XL:     5   Next: 64%
Magic:  7/9        EV: 12    Int: 14    God:    Hepliaklqana [......]
Gold:   95         SH:  0    Dex: 12    Spells: 4/10 levels left

rFire   . . .      SeeInvis .     - Unarmed
rCold   . . .      Faith    .   (no shield)
rNeg    . . .      Spirit   .   (armour unavailable)
rPois   .          Reflect  .   (helmet currently unavailable)
rElec   .          Harm     .   (no cloak)
rCorr   .          Rampage  .   (no gloves)
Will    .....                   (boots currently unavailable)
Stlth   +.........              (no amulet)
HPRegen 0.14/turn               (no ring)
MPRegen 0.11/turn               (no ring)

@: lethally poisoned (0 -> -7), appendages (expiring), wereblooded
A: horns 2, talons 2, AC +5, unfitting armour, cold-blooded
a: End Transformation, Renounce Religion


You were on level 4 of the Dungeon.
You worshipped Hepliaklqana.
Hepliaklqana was noncommittal.
You had temporarily grown beastly horns and talons.
You visited 2 branches of the dungeon, and saw 5 of its levels.

You collected 95 gold pieces.

Inventory:

Missiles
 e - 2 silver javelins
 n - 16 poisoned darts
Wands
 o - a wand of paralysis (11)
Scrolls
 a - a scroll of noise {unknown}
 c - 2 scrolls of blinking {unknown}
 f - 2 scrolls of teleportation {unknown}
 g - a scroll of magic mapping {unknown}
 i - 2 scrolls of fear {unknown}
 j - a scroll of identify {unknown}
 k - a scroll of enchant armour {unknown}
 p - a scroll of brand weapon {unknown}
 s - a scroll of amnesia {unknown}
 t - a scroll of fog {unknown}
Potions
 b - 2 potions of haste {unknown}
 d - 2 potions of mutation {unknown}
 h - a potion of invisibility {unknown}
 l - a potion of brilliance {unknown}
 q - 2 potions of lignification {unknown}
 r - a potion of degeneration {unknown}


   Skills:
 + Level 2.8 Fighting
 + Level 2.8 Dodging
 + Level 3.9 Unarmed Combat
 + Level 3.0 Spellcasting
 + Level 3.1 Transmutations
 + Level 0.3 Invocations


You had 4 spell levels left.
You knew the following spells:

 Your Spells              Type           Power      Damage    Failure   Level
a - Beastly Appendage     Tmut           20%        N/A       6%          1
b - Wereblood             Tmut           10%        N/A       9%          2
c - Spider Form           Tmut/Pois      3%         N/A       32%         3

Your spell library contained the following spells:

 Spells                   Type           Power      Damage    Failure   Level
 Animate Skeleton         Necr           4%         N/A       22%         1
 Pain                     Necr           8%         1d4       22%         1
 Shock                    Conj/Air       8%         1d3       22%         1
 Slow                     Hex            2%         N/A       32%         2
 Confusing Touch          Hex            2%         N/A       54%         3
 Portal Projectile        Hex/Tloc       4%         N/A       54%         3
 Swiftness                Air            2%         N/A       54%         3
 Vampiric Draining        Necr           1%         2d6       54%         3
 Ice Form                 Ice/Tmut       6%         N/A       73%         4
 Airstrike                Air            1%         N/A       91%         4
 Blade Hands              Tmut           5%         N/A       85%         5
 Excruciating Wounds      Necr           1%         N/A       99%         5


Dungeon Overview and Level Annotations

Branches:
Dungeon (4/15)             Temple (1/1) D:4

Altars:
Ashenzari
Cheibriados
Gozag
Hepliaklqana
Kikubaaqudgha
Nemelex Xobeh
Okawaru
Qazlal
Ru
Trog
Uskayaw
Wu Jian
Xom
Yredelemnul
The Shining One

Annotations:
D:2 1 runed translucent door, Crazy Yiuf
D:3 1 runed translucent door, pigah's ghost, amateur OpWn


Innate Abilities, Weirdness & Mutations

You have temporarily grown beastly horns and talons.
Your plain brown scales are hard. (AC +5)
You cannot fit into any form of body armour.
You are cold-blooded and may be slowed by cold attacks.


Message History

The scorpion misses you.
You completely miss the scorpion. You claw the scorpion.
Your tail-slap misses the scorpion.
The scorpion is moderately wounded.
You feel sick. The scorpion stings you.
You are more poisoned.
The scorpion poisons you!
You feel very sick.
You closely miss the scorpion. Your headbutt misses the scorpion.
You tail-slap the scorpion, but do no damage.
The scorpion is lightly wounded.
You feel very sick. The scorpion closely misses you. x2
You hit the scorpion but do no damage. You headbutt the scorpion.
You punch the scorpion.
The scorpion is heavily wounded.
You feel very sick. The scorpion closely misses you.
You closely miss the scorpion.
The scorpion is heavily wounded.
You feel sick. The scorpion stings you!
You are more poisoned.
The scorpion poisons you!
You hit the scorpion. Your kick misses the scorpion.
The scorpion is heavily wounded.
Your transformation is almost over.
* * * LOW HITPOINT WARNING * * *
You feel sick. The scorpion stings you.
* * * LOW HITPOINT WARNING * * *
You are more poisoned.
The scorpion poisons you!
You feel better. The scorpion stings you.
* * * LOW HITPOINT WARNING * * *
You are poisoned.
The scorpion poisons you!
You hit the scorpion but do no damage. You claw the scorpion.
The scorpion is almost dead.
* * * LOW HITPOINT WARNING * * *
You feel sick. The scorpion stings you!
You die...

.PP≈≈.# ##P≈♣PP#.#
.P≈≈P.###.P≈≈P≈..#
.PP≈≈P≈P#.≈≈PP..##
.≈P≈♣PP.PP≈♣P..##
.≈≈≈♣≈PPPP♣PP..#
##P≈♣♣♣P♣♣≈PP.##


#PP ♣≈≈≈P..# ## ♣≈≈P...##########. ♣≈≈P##...@s....... ≈≈≈PP ######.#..... P≈P.
.# ... P..≈ ## . ### You could see a scorpion.

Vanquished Creatures
  A hound (D:4)
  An orc priest (D:4)
  Jessica (D:3)
  An iguana (D:4)
  Natasha (D:3)
  2 adders (D:3)
  7 orcs
  7 ball pythons
  6 endoplasms
  2 giant cockroaches
  3 goblins
  2 hobgoblins
  2 jackals (D:1)
  8 kobolds
  3 quokkas
  5 bats
  2 frilled lizards (D:2)
  8 rats
62 creatures vanquished.

Notes
Turn   | Place    | Note
-------+----------+-------------------------------------------
     0 | D:1      | siradein the Draconian Transmuter began the quest for the
                  | Orb.
     0 | D:1      | Reached XP level 1. HP: 16/16 MP: 3/3
   708 | D:1      | Reached XP level 2. HP: 23/23 MP: 3/5
   711 | D:1      | Learned a level 2 spell: Wereblood
  1553 | D:2      | Found a runed translucent door.
  1554 | D:2      | Noticed Crazy Yiuf
  1765 | D:2      | Reached XP level 3. HP: 29/29 MP: 4/6
  2074 | D:2      | Found an ancient bone altar of Kikubaaqudgha.
  2377 | D:3      | Found a runed translucent door.
  2381 | D:3      | Noticed pigah's ghost (amateur OpWn)
  2835 | D:3      | Noticed Jessica
  2955 | D:3      | Killed Jessica
  2956 | D:3      | Reached XP level 4. HP: 35/36 MP: 4/7
  3563 | D:3      | Noticed Natasha
  3580 | D:3      | Killed Natasha
  4094 | D:3      | Learned a level 3 spell: Spider Form
  4211 | D:4      | Reached XP level 5. HP: 19/42 MP: 4/9
  4592 | D:4      | Found a staircase to the Ecumenical Temple.
  4623 | Temple   | Entered the Ecumenical Temple
  4749 | Temple   | Became a worshipper of Hepliaklqana the Forgotten
  5137 | D:4      | Slain by a scorpion

Illustrated notes

Levels and vault maps discovered:
D:1:      minmay_arrival_plants_in_alcoves, layout_basic
D:2:      layout_basic, basic_altar, minmay_fountain_box, grunt_ministairs_3,
          minmay_split_cup_small, uniq_crazy_yiuf_cottage
D:3:      layout_basic, ebering_ghost_sewer_d, minmay_liquid_box, uniq_jessica,
          uniq_natasha
D:4:      layout_basic, minmay_temple_entry_mist, kennysheep_flooded_box,
          serial_bayou_lagoon_a
Temple:   minmay_crystal_spiral_temple

Skill      XL: |  1  2  3  4  5 |
---------------+----------------+-----
Dodging        | 2 |  2.8
Fighting       | 2 |  2.8
Transmutations | 3 |  3.1
Spellcasting   | 3 |  3.0
Unarmed Combat | |  3.9
Invocations    | |  0.3

Action                   |  1- 3 |  4- 6 || total
-------------------------+-------+-------++-------
Melee: Unarmed           |   116 |   107 ||   223
       Kick              |    13 |    22 ||    35
       Tailslap          |     6 |    14 ||    20
       Headbutt          |    11 |    16 ||    27
       Punch             |     2 |     3 ||     5
 Cast: Beastly Appendage |    31 |    21 ||    52
       Wereblood         |     2 |     5 ||     7
  Use: Potion            |       |     1 ||     1
 Stab: Sleeping          |       |     1 ||     1
Armor: Skin              |    26 |    22 ||    48
Dodge: Dodged            |    68 |    65 ||   133

Table legend: (Time is in decaauts)
 A = Elapsed time spent in this place.
 B = Non-inter-level travel time spent in this place.
 C = Inter-level travel time spent in this place.
 D = Time resting spent in this place.
 E = Time spent auto-exploring this place.
 F = Levels seen in this place.
 G = Mean time per level.
                   A        B        C        D        E       F      G
               +--------+--------+--------+--------+--------+-----+--------+
         Total |   5131 |   4894 |    237 |    104 |   4192 |   5 | 1026.2 |
       Dungeon |   4940 |   4768 |    172 |    104 |   4093 |   4 | 1235.0 |
        Temple |    191 |    126 |     65 |      0 |     99 |   1 |  191.0 |
               +--------+--------+--------+--------+--------+-----+--------+

Top non-repeatable levels by time:
     D:3: 1758 daAuts
     D:1: 1439 daAuts
     D:2: 926 daAuts
     D:4: 816 daAuts
  Temple: 191 daAuts
